 Dungeon Crawl Stone Soup version 0.31-a0-236-g9a0961fb85 (webtiles) character file.

Game seed: 8142627652828398778

130 qw the Shooter (level 5, -14/30 HPs)
             Began as a Gargoyle Hexslinger on July 9, 2023.
             Demolished by an ogre
             ... wielding a +0 giant club
              (20 damage)
             ... on level 4 of the Dungeon.
             The game lasted 00:00:49 (1670 turns).

qw the Shooter (Gargoyle Hexslinger)                Turns: 1670, Time: 00:00:49

Health: -14/30     AC:  9    Str: 17      XL:     5   Next: 13%
Magic:  6/6        EV: 11    Int: 18 (20) God:
Gold:   34         SH:  0    Dex: 14      Spells: 5/6 levels left

rFire   . . .        Y - +3 sling (flame)
rCold   . . .        (no shield)
rNeg    + . .        d - +0 ring mail
rPois   inf          (no helmet)
rElec   +            (no cloak)
rCorr   .            (no gloves)
SInv    .            (no boots)
Will    .....        (no amulet)
Stlth   +            b - ring "Butapn" {Str+6 Int+6}
HPRegen 0.25/turn    (no ring)
MPRegen 0.10/turn

%: no passive effects
@: about to teleport
A: sickness immunity, AC +4, negative energy resistance 1, electricity
resistance, torment resistance 1, petrification resistance
a: no special abilities


You were on level 4 of the Dungeon.
You visited 1 branch of the dungeon, and saw 4 of its levels.

You collected 190 gold pieces.
You spent 156 gold pieces at shops.


Innate Abilities, Weirdness & Mutations

You are immune to sickness and miasma.
Your stone body is resilient. (AC +4)
You are immune to poison.
You resist negative energy. (rN+)
You are resistant to electric shocks. (rElec)
You are resistant to unholy torment.
You are immune to petrification.


   Skills:
 - Level 2.0 Fighting
 + Level 4.7 Ranged Weapons
 - Level 1.0 Armour
 - Level 1.5 Dodging
 - Level 1.0 Spellcasting
 - Level 2.6 Hexes


You had 5 spell levels left.
You knew the following spells:

 Your Spells              Type           Power      Damage    Failure   Level
a - Slow                  Hex            40%        N/A       12%         1

Your spell library contained the following spells:

 Spells                   Type           Power      Damage    Failure   Level
 Inner Flame              Hex/Fire       5%         N/A       54%         3
 Portal Projectile        Hex/Tloc       10%        N/A       54%         3
 Cause Fear               Hex            5%         N/A       77%         4

Inventory:

Hand Weapons
 Y - a +3 sling of flaming (weapon)
Armour
 d - a +0 ring mail (worn)
Jewellery
 b - the ring "Butapn" (left hand) {Str+6 Int+6}
   (You acquired it on level 2 of the Dungeon)

   [ring of strength]

   Str:       It affects your strength (+6).
   Int:       It affects your intelligence (+6).
Scrolls
 e - a scroll of identify
 h - a scroll of teleportation
Potions
 g - a potion of heal wounds
 i - a potion of ambrosia {unknown}
 j - 2 potions of curing
 k - a potion of attraction {unknown}

Dungeon Overview and Level Annotations

Branches:
Dungeon (4/15)
 Temple: D:4-7

Altars:
Zin

Shops:
D:2 ::**(   D:3 *


Message History

An ogre comes into view. It is wielding a +0 giant club.
You shoot a sling bullet.
The sling bullet hits the iguana but does no damage.
You shoot a sling bullet.
The sling bullet completely misses the iguana.
A white imp comes into view.
You shoot a sling bullet.
The white imp shouts, "Back with thee, thou pribbling tardy-gaited nert!"
The sling bullet hits the iguana but does no damage.
You shoot a sling bullet. The sling bullet hits the iguana.
The sling bullet burns the iguana.
The iguana is lightly wounded.
The iguana hisses menacingly.
You shoot a sling bullet.
The sling bullet completely misses the iguana.
The sling bullet hits the ogre.
The sling bullet burns the ogre.
The ogre is lightly wounded.
The iguana bites you but does no damage.
You shoot a sling bullet.
The sling bullet closely misses the iguana.
The iguana closely misses you. The iguana misses you.
The ogre hits you with a +0 giant club!!
Ouch! That really hurt!
You shoot a sling bullet. The sling bullet hits the ogre.
The sling bullet burns the ogre.
The ogre is moderately wounded.
The iguana bites you.
You shoot a sling bullet.
The sling bullet barely misses the ogre.
The ogre barely misses you.
A sleepcap comes into view.
The white imp hits you but does no damage.
The iguana bites you.
1670 ||| READING 2 scrolls of teleportation.
As you read the scroll of teleportation, it crumbles to dust.
You feel strangely unstable.
The white imp hits you but does no damage.
The ogre hits you with a +0 giant club!!
Ouch! That really hurt!
You die...

#. #.# .... $.
..###.f...
.###.........
..#.........
...........
.........#
#5l......#
#@O......#
#.<.......
#...........#
....##........#
### #........#
#######.## #


You could see an ogre, a sleepcap, an iguana and a white imp.

Vanquished Creatures
  An orc priest (D:3)
  2 adders
  5 dart slugs
  2 orcs (D:3)
  7 ball pythons
  5 bats
  4 endoplasms
  4 giant cockroaches
  5 goblins
  A hobgoblin (D:2)
  12 jackals
  3 kobolds
  3 quokkas
  4 frilled lizards
  6 rats
64 creatures vanquished.

Notes
Turn   | Place    | Note
-------+----------+-------------------------------------------
     0 | D:1      | qw the Gargoyle Hexslinger began the quest for the Orb.
     0 | D:1      | Reached XP level 1. HP: 12/12 MP: 2/2
     0 | D:1      | 0 ||| qw: Version: 0.3-a-51-g015441d
     0 | D:1      | 0 ||| qw: Game counter: 4408
     0 | D:1      | 0 ||| qw: Melee chars always use a shield: true
     0 | D:1      | 0 ||| qw: God list: Okawaru
     0 | D:1      | 0 ||| qw: Allow faded altars: false
     0 | D:1      | 0 ||| qw: Do Orc after clearing Dungeon:15 true
     0 | D:1      | 0 ||| qw: Do second Lair branch before Depths: true
     0 | D:1      | 0 ||| qw: Lair rune preference: random
     0 | D:1      | 0 ||| qw: Goals: Normal
     0 | D:1      | 0 ||| PLANNING D:1-11
    68 | D:1      | Reached XP level 2. HP: 16/16 MP: 3/3
    88 | D:1      | Reached skill level 3 in Ranged Weapons
   183 | D:1      | Reached XP level 3. HP: 18/21 MP: 4/4
   663 | D:1      | 663 ||| READING scroll labelled QEKLYO EXAP.
   667 | D:1      | 667 ||| READING 3 scrolls labelled EFUOTZ ZOMOONN.
   668 | D:1      | 668 ||| READING scroll labelled SAGUMIMNUE.
   669 | D:1      | 669 ||| DROPPING scroll of poison.
   728 | D:2      | Found Ocvy's Assorted Antiques.
   734 | D:2      | 734 ||| SHOPLISTING pair of transparent boots (218 gold,
                  | have 93).
   734 | D:2      | 734 ||| BUYING ring mail (92 gold).
   734 | D:2      | Bought a ring mail for 92 gold pieces
   766 | D:2      | Found Xaitemn's Book Boutique.
   786 | D:2      | Found Durru's Book Emporium.
   914 | D:2      | Found a faded altar of an unknown god.
   937 | D:2      | Reached XP level 4. HP: 26/26 MP: 5/5
   943 | D:2      | 943 ||| SWAPPING to +2 sling of flaming.
   944 | D:2      | 944 ||| DROPPING +1 sling.
   970 | D:2      | Found Saotef's General Store.
   980 | D:2      | 980 ||| BUYING potion of curing (36 gold).
   980 | D:2      | Bought a potion of curing for 36 gold pieces
   980 | D:2      | 980 ||| SHOPLISTING scroll of identify (24 gold, have 2).
   980 | D:2      | 980 ||| SHOPLISTING scroll of teleportation (36 gold, have
                  | 2).
   999 | D:2      | Found Zayqinin's Antique Weapon Emporium.
  1012 | D:2      | 1012 ||| SHOPLISTING glowing orcbow (156 gold, have 2).
  1012 | D:2      | 1012 ||| SHOPLISTING runed shortbow (144 gold, have 2).
  1172 | D:2      | 1172 ||| UPGRADING to +0 ring mail.
  1182 | D:2      | 1182 ||| DROPPING +0 robe.
  1183 | D:2      | 1183 ||| DROPPING ring of magical power.
  1184 | D:2      | 1184 ||| DRINKING 2 puce potions.
  1185 | D:2      | 1185 ||| READING 2 scrolls of identify.
  1185 | D:2      | 1185 ||| IDENTIFYING glowing pink potion
  1186 | D:2      | 1186 ||| DROPPING potion of degeneration.
  1187 | D:2      | 1187 ||| DROPPING potion of lignification.
  1231 | D:3      | Reached skill level 4 in Ranged Weapons
  1333 | D:3      | Reached skill level 1 in Armour
  1381 | D:3      | 1381 ||| FLEEEEING.
  1383 | D:3      | 1383 ||| STAIRDANCE
  1391 | D:2      | 1391 ||| READING scroll labelled QOSMIS MUOPNO.
  1391 | D:2      | Identified a scroll of acquirement
  1391 | D:2      | 1391 ||| ACQUIRING ring "Butapn" {Str+6 Int+6}
  1391 | D:2      | Acquired the ring "Butapn" {Str+6 Int+6}
  1393 | D:2      | 1393 ||| UPGRADING to ring "Butapn" {Str+6 Int+6}.
  1411 | D:3      | Reached XP level 5. HP: 30/30 MP: 6/6
  1456 | D:3      | Found Toryte's General Store.
  1461 | D:3      | 1461 ||| SHOPLISTING +0 cloak (63 gold, have 62).
  1461 | D:3      | 1461 ||| SHOPLISTING +0 pair of gloves (63 gold, have 62).
  1461 | D:3      | 1461 ||| SHOPLISTING +2 heavy orcbow (256 gold, have 62).
  1461 | D:3      | 1461 ||| SHOPLISTING scroll of enchant armour (105 gold,
                  | have 62).
  1461 | D:3      | 1461 ||| SHOPLISTING scroll of enchant weapon (105 gold,
                  | have 62).
  1461 | D:3      | 1461 ||| BUYING scroll of identify (28 gold).
  1461 | D:3      | Bought a scroll of identify for 28 gold pieces
  1580 | D:3      | Found a glowing silver altar of Zin.
  1645 | D:3      | 1645 ||| READING scroll labelled FETTAC REONOEJ.
  1646 | D:3      | 1646 ||| READING scroll labelled KUMOLA REURRAW.
  1647 | D:3      | 1647 ||| DRINKING 2 bubbling pink potions.
  1648 | D:3      | 1648 ||| READING 2 scrolls of identify.
  1648 | D:3      | 1648 ||| IDENTIFYING smoky inky potion
  1649 | D:3      | 1649 ||| DROPPING potion of invisibility.
  1661 | D:4      | Noticed an ogre
  1669 | D:4      | HP: 6/30 [iguana (2)]
  1670 | D:4      | 1670 ||| READING 2 scrolls of teleportation.
  1670 | D:4      | Demolished by an ogre

Levels and vault maps discovered:
D:1:      dpeg_arrival_round_c, layout_loops_ring
D:2:      layout_rooms, dreamdust_ecumenical_altar_grove, serial_shops,
          shop_statue, nicolae_shop_tiny_glass, nicolae_lakefront_shop,
          nicolae_shop_rolling_square, shop
D:3:      layout_rooms, zin_statuary, serial_shops, shop
D:4:      layout_rooms, minmay_temple_entry_wispy, biasface_ghost_orc_armoury,
          uniq_duvessa

Skill      XL: |  1  2  3  4 |
---------------+-------------+-----
Ranged Weapons | 3 4 |  4.7
Fighting       | 2 |  2.0
Armour         | 1 |  1.0
Dodging        | |  1.5
Spellcasting   | |  1.0
Hexes          | |  2.6

Action                     |  1- 3 |  4- 6 || total
---------------------------+-------+-------++-------
   Fire: Sling             |   112 |    62 ||   174
    Use: Scroll            |     3 |     6 ||     9
         Potion            |       |     2 ||     2
 Armour: Robe              |    25 |       ||    25
         Ring mail         |       |     7 ||     7
  Dodge: Dodged            |    73 |    14 ||    87

Table legend:
 A = Non-vault XP
 B = Vault XP
 C = Vault XP percentage of total XP
 D = Non-vault monster count
 E = Vault monster count
 F = Vault count percentage of total count
                 A         B        C        D         E       F
            +---------+---------+-------+---------+---------+-------
      Total |     186 |       0 |   0.0 |      64 |       0 |   0.0
            +---------+---------+-------+---------+---------+-------
        D:1 |      44 |       0 |   0.0 |      24 |       0 |   0.0
        D:2 |      43 |       0 |   0.0 |      17 |       0 |   0.0
        D:3 |      97 |       0 |   0.0 |      22 |       0 |   0.0
        D:4 |       2 |       0 |   0.0 |       1 |       0 |   0.0
            +---------+---------+-------+---------+---------+-------
